 Dungeon Crawl Stone Soup version 0.20.1-2-g1830e616b0 (webtiles) character file.

88 Alfie the Shooter (level 4, -1/38 HPs)
             Began as a Minotaur Hunter on Feb 13, 2020.
             Slain by Alfie's ghost (7 damage)
             ... on level 4 of the Dungeon.
             The game lasted 00:10:20 (2642 turns).

Alfie the Shooter (Minotaur Hunter)                 Turns: 2642, Time: 00:10:20

Health: -1/38      AC:  4    Str: 18    XL:     4   Next: 29%
Magic:  3/3        EV: 12    Int:  8    God:
Gold:   237        SH:  0    Dex: 10    Spells: 3/3 levels left

rFire    . . .     SeeInvis .   b - +0 short sword
rCold    . . .     Gourm    .   (no shield)
rNeg     . . .     Faith    .   c - +1 leather armour
rPois    .         Spirit   .   (helmet restricted)
rElec    .         Reflect  .   (no cloak)
rCorr    .         Harm     .   (no gloves)
MR       .....                  (no boots)
Stlth    ++........             (no amulet)
Regen    0.2/turn               j - ring of stealth
MPRegen  0.1/turn               (no ring)

@: no status effects
A: retaliatory headbutt, horns 2
a: no special abilities


You were on level 4 of the Dungeon.
You were not hungry.

You visited 1 branch of the dungeon, and saw 4 of its levels.

You collected 237 gold pieces.

Inventory:

Hand Weapons
 a - a +1 shortbow
 b - a +0 short sword (weapon)
Missiles
 d - 65 arrows
Armour
 c - a +1 leather armour (worn)
Jewellery
 j - a ring of stealth (left hand)
Scrolls
 e - a scroll of immolation {unknown}
 h - 3 scrolls of identify
Potions
 g - a potion of mutation {unknown}
 k - a potion of heal wounds {unknown}
 l - a potion of curing {unknown}
 m - 3 potions of flight
Comestibles
 f - a bread ration
 i - a royal jelly


   Skills:
 + Level 3.2 Fighting
 + Level 5.9 Bows
 + Level 1.0 Armour
 + Level 2.1 Dodging
 + Level 0.7 Stealth


You had 3 spell levels left.
You didn't know any spells.

Dungeon Overview and Level Annotations

Branches:
Dungeon (4/15)
 Temple: D:4-7

Altars:
Gozag

Annotations:
D:4 Alfie's ghost, novice MiHu


Innate Abilities, Weirdness & Mutations

You reflexively headbutt those who attack you in melee.
You have a pair of horns on your head.


Message History

Alfie's ghost is lightly damaged.
Alfie's ghost hits you but does no damage.
You hit Alfie's ghost.
Alfie's ghost is lightly damaged.
Alfie's ghost hits you.
You miss Alfie's ghost.
Alfie's ghost is lightly damaged.
Alfie's ghost hits you. Alfie's ghost hits you!
* * * LOW HITPOINT WARNING * * *
You barely miss Alfie's ghost. Your headbutt misses Alfie's ghost.
Alfie's ghost is lightly damaged.
Alfie's ghost barely misses you.
You closely miss Alfie's ghost.
Alfie's ghost is lightly damaged.
Alfie's ghost hits you.
* * * LOW HITPOINT WARNING * * *
You closely miss Alfie's ghost. You headbutt Alfie's ghost.
Alfie's ghost is lightly damaged.
Alfie's ghost hits you!
You die...

... #.# ##### #.# .%.#
#.# #.#### #.# ### #
#....####.# #..
#.###..#......######.#
#........#####........
##..@W.## #..#.#..#
####### #..#.#..#
#..#.#... #.......#
####.#### #.....
#.#### #.# #.#


You could see Alfie's ghost.

Vanquished Creatures
  An adder (D:1)
  An ooze (D:1)
  2 worms (D:2)
  3 dart slugs
  4 leopard geckos
  An orc (D:3)
  7 bats
  2 giant cockroaches (D:1)
  9 goblins
  7 hobgoblins
  3 jackals (D:4)
  5 frilled lizards
  4 kobolds
  8 rats
57 creatures vanquished.

Notes
Turn   | Place    | Note
-------+----------+-------------------------------------------
     0 | D:1      | Alfie the Minotaur Hunter began the quest for the Orb.
     0 | D:1      | Reached XP level 1. HP: 18/18 MP: 0/0
   367 | D:1      | Reached XP level 2. HP: 22/25 MP: 1/1
   416 | D:1      | Reached skill level 5 in Bows
   645 | D:1      | Reached XP level 3. HP: 30/30 MP: 2/2
  1472 | D:2      | Reached skill level 1 in Armour
  1484 | D:2      | Found an opulent altar of Gozag.
  1759 | D:3      | Reached XP level 4. HP: 38/38 MP: 3/3
  2614 | D:4      | Noticed Alfie's ghost (novice MiHu)
  2642 | D:4      | Slain by Alfie's ghost

Skill      XL: |  1  2  3 |
---------------+----------+-----
Bows           | 5 |  5.9
Fighting       | 3 |  3.2
Armour         | 1 |  1.0
Dodging        | |  2.1
Stealth        | |  0.7

Action                   |  1- 3 |  4- 6 || total
-------------------------+-------+-------++-------
Melee: Short sword       |    16 |    18 ||    34
       Headbutt          |     4 |     1 ||     5
 Fire: Shortbow          |    94 |    24 ||   118
  Use: Scroll            |     5 |     4 ||     9
  Eat: Bread ration      |     1 |     1 ||     2
Armor: Leather armour    |     8 |     4 ||    12
Dodge: Dodged            |    16 |    13 ||    29
